 Dungeon Crawl Stone Soup version 0.23.0 (webtiles) character file.

Game seed: 14200935343036423047

4518 Murks the Slicer (level 10, -8/50 HPs)
             Began as a Vine Stalker Fighter on Feb 19, 2019.
             Was a Follower of Uskayaw.
             Mangled by Grum
             ... wielding a +0 halberd
              (12 damage)
             ... on level 8 of the Dungeon.
             The game lasted 00:27:34 (7892 turns).

Murks the Slicer (Vine Stalker Fighter)             Turns: 7892, Time: 00:27:35

Health: -8/50      AC: 11    Str: 18    XL:     10   Next: 39%
Magic:  0/15       EV:  7    Int: 11    God:    Uskayaw [*.....]
Gold:   282        SH:  9    Dex: 15    Spells: 15/15 levels left

rFire    + . .     SeeInvis +   q - +2 dagger (freeze)
rCold    . . .     Gourm    .   c - +0 shield
rNeg     . . .     Faith    .   b - +0 scale mail
rPois    .         Spirit   +   g - +0 helmet
rElec    .         Reflect  .   y - +0 cloak
rCorr    .         Harm     .   e - +0 pair of gloves
MR       +....                  (no boots)
Stlth    ..........             x - amulet of rage
HPRegen  0.56/turn              k - ring of see invisible
MPRegen  0.14/turn              m - ring of protection from fire

@: hasted, lightly drained, very quick
A: fangs 3, regeneration 1, magic shield, antimagic bite, no potion heal 3, rot
immunity
a: Stomp, Renounce Religion, Evoke Berserk Rage


You were on level 8 of the Dungeon.
You worshipped Uskayaw.
Uskayaw was noncommittal.
You were hungry.

You visited 2 branches of the dungeon, and saw 10 of its levels.

You collected 451 gold pieces.
You spent 169 gold pieces at shops.

Inventory:

Hand Weapons
 q - a +2 dagger of freezing (weapon)
Armour
 b - a +0 scale mail (worn)
 c - a +0 shield (worn)
 e - a +0 pair of gloves (worn)
 g - a +0 helmet (worn)
 y - a +0 cloak (worn)
Jewellery
 i - an uncursed ring of fire
 k - a ring of see invisible (left hand)
 m - a ring of protection from fire (right hand)
 x - an amulet of rage (around neck)
Wands
 d - a wand of iceblast (4)
 F - a wand of paralysis (5)
Scrolls
 a - a scroll of noise {unknown}
 h - a scroll of amnesia {unknown}
 j - 4 scrolls of teleportation {unknown}
 l - 5 scrolls of remove curse
 s - a scroll of blinking {unknown}
 u - 2 scrolls of magic mapping {unknown}
 v - a scroll of enchant weapon {unknown}
 z - 2 scrolls of identify
 B - a scroll of immolation {unknown}
 D - a scroll of fear {unknown}
Potions
 o - a potion of mutation {unknown}
 p - a potion of heal wounds {unknown}
 r - a potion of lignification {unknown}
 t - 2 potions of degeneration {unknown}
 w - a potion of resistance {unknown}
 A - a potion of flight {unknown}
 E - a potion of brilliance {unknown}
 G - a potion of agility
Miscellaneous
 C - a lightning rod (4/4)
Comestibles
 f - 10 rations


   Skills:
 - Level 4.2(4.0) Fighting
 - Level 9.5(9.4) Short Blades
 - Level 7.1(6.9) Armour
 + Level 1.4(1.3) Stealth
 - Level 2.6(2.5) Shields
 - Level 3.3(3.1) Spellcasting
 + Level 4.9(4.8) Invocations


You had 15 spell levels left.
You didn't know any spells.
Your spell library was empty.

Dungeon Overview and Level Annotations

Branches:
Dungeon (9/15)             Temple (1/1) D:6
   Lair: D:8-11         Orc: D:9-12

Altars:
Ashenzari
Cheibriados
Dithmenos
Elyvilon
Fedhas
Gozag
Kikubaaqudgha
Makhleb
Nemelex Xobeh
Okawaru
Qazlal
Ru
Sif Muna
Trog
Uskayaw
Vehumet
Wu Jian
Xom
Yredelemnul
Zin
The Shining One

Shops:
D:6 *

Annotations:
D:4 Eustachio
D:5 2 transporters
D:7 exclusion: downstairs
D:8 Grum


Innate Abilities, Weirdness & Mutations

You have razor-sharp teeth.
Your natural rate of healing is unusually fast.
When hurt, damage is shared between your health and your magic reserves.
Your bite disrupts and absorbs the magic of your enemies.
Potions cannot restore your health.
You are immune to rotting.


Message History

The centaur shoots an arrow.
The arrow hits you but does no damage.
You see here an arrow.
The centaur shoots an arrow.
You block the arrow.
You feel yourself speed up.
You block the two-headed ogre's attack. x2
You hit the two-headed ogre. You freeze the two-headed ogre.
You bite the two-headed ogre, but do no damage.
The two-headed ogre is lightly wounded.
The wolf howls!
You hit the two-headed ogre. You freeze the two-headed ogre.
You bite the two-headed ogre, but do no damage.
The two-headed ogre is lightly wounded.
The two-headed ogre hits you with a +0 giant spiked club!
* * * LOW HITPOINT WARNING * * *
The two-headed ogre hits you with a +0 giant club.
* * * LOW HITPOINT WARNING * * *
You hit the two-headed ogre. You freeze the two-headed ogre.
You bite the two-headed ogre! You drain its power.
You feel invigorated.
The two-headed ogre is moderately wounded.
Grum hits you from afar with a +0 halberd!
You die...

##โ‰ˆ# ###.....c.#
โ‰ˆยงโ‰ˆ###.(.......#
......<.(.h....#
.........(....##
..........(((.#
.............c##
........######g##
......### ##O##
.....## ##@# ....##
### ...## ...# ....#
.....


You could see a two-headed ogre, Grum, a wolf and a centaur.

Vanquished Creatures
  A troll (D:9)
  Prince Ribbit (D:6)
  A hippogriff (D:9)
  2 wyverns
  A shadow (D:9)
  A hungry ghost (D:7)
  4 vampire mosquitoes (D:9)
  An orc warrior (D:9)
  3 sky beasts
  3 ogres
  2 ice beasts
  A necrophage (D:6)
  A centaur (D:9)
  Blork the orc (D:5)
  2 big kobolds (D:7)
  2 scorpions
  5 killer bees (D:9)
  3 wights (D:9)
  A crimson imp (D:7)
  A centaur zombie (D:5)
  5 hounds
  The ghost of Ivernyr the Ruffian, a weakling VSTm (D:4)
  A jelly (D:7)
  2 orc priests (D:9)
  2 bullfrog skeletons
  Jessica (D:2)
  2 iguanas (D:4)
  3 worker ants
  12 orc wizards
  2 hound zombies
  2 hound skeletons
  5 gnolls
  11 adders
  A shadow imp (D:5)
  2 adder zombies
  3 worms
  A dart slug (D:3)
  2 leopard geckos
  10 orcs
  3 giant cockroaches
  4 goblins
  6 hobgoblins
  15 jackals
  7 quokkas
  6 bats
  2 frilled lizards
  19 kobolds
  9 rats
176 creatures vanquished.

Vanquished Creatures (others)
  2 plants (D:5)
2 creatures vanquished.

Grand Total: 178 creatures vanquished

Notes
Turn   | Place    | Note
-------+----------+-------------------------------------------
     0 | D:1      | Murks the Vine Stalker Fighter began the quest for the Orb.
     0 | D:1      | Reached XP level 1. HP: 11/11 MP: 2/2
    78 | D:1      | Reached skill level 2 in Short Blades
   127 | D:1      | Reached XP level 2. HP: 15/16 MP: 3/3
   416 | D:1      | Reached skill level 3 in Short Blades
   423 | D:1      | Reached XP level 3. HP: 18/19 MP: 4/4
   834 | D:2      | Noticed Jessica
   843 | D:2      | Killed Jessica
   843 | D:2      | Gained mutation: Your natural rate of healing is unusually
                  | fast. [Vine Stalker growth]
   843 | D:2      | Reached XP level 4. HP: 23/23 MP: 5/5
   882 | D:2      | Reached skill level 4 in Short Blades
  1053 | D:2      | Found a burning altar of Makhleb.
  1277 | D:2      | Found an ornate altar of the Wu Jian Council.
  1278 | D:2      | Found a sparkling altar of Nemelex Xobeh.
  1375 | D:2      | Found a deep blue altar of Sif Muna.
  1809 | D:3      | Reached XP level 5. HP: 27/27 MP: 6/6
  2044 | D:3      | Reached skill level 5 in Short Blades
  2142 | D:3      | Found a snail-covered altar of Cheibriados.
  2335 | D:4      | Reached skill level 1 in Spellcasting
  2350 | D:4      | Found a white marble altar of Elyvilon.
  2368 | D:4      | Found a blossoming altar of Fedhas.
  2660 | D:4      | Reached XP level 6. HP: 21/32 MP: 4/9
  2749 | D:4      | Noticed Eustachio
  3226 | D:4      | Found a large runed translucent door.
  3226 | D:4      | Found a large runed translucent door.
  3227 | D:4      | Noticed Ivernyr's ghost (weakling VSTm)
  3239 | D:4      | Killed Ivernyr's ghost
  3310 | D:5      | Entered Level 5 of the Dungeon
  3310 | D:5      | Noticed a sky beast
  3328 | D:5      | Killed a sky beast
  3384 | D:5      | Got a faintly glowing robe
  3395 | D:5      | Identified the +2 robe of Cheibriados's Anger {+Blink
                  | Str+2} (You found it on level 5 of the Dungeon)
  3503 | D:5      | Noticed Blork the orc
  3517 | D:5      | Killed Blork the orc
  3517 | D:5      | Reached XP level 7. HP: 37/37 MP: 12/12
  3525 | D:5      | Noticed a wyvern
  3539 | D:5      | Killed a wyvern
  3705 | D:5      | Gained mutation: You have razor-sharp teeth. [Vine Stalker
                  | growth]
  3705 | D:5      | Reached XP level 8. HP: 42/42 MP: 13/13
  3756 | D:5      | Found a transporter.
  3803 | D:5      | Found a transporter.
  3968 | D:5      | Identified the cursed +2 trident "Vine Stalker's Doom"
                  | {venom, rF+}
  4046 | D:6      | Noticed Prince Ribbit
  4061 | D:6      | Killed Prince Ribbit
  4061 | D:6      | Reached skill level 5 in Armour
  4107 | D:6      | Found Adwuyp's Assorted Antiques.
  4121 | D:6      | Bought a cloak for 117 gold pieces
  4121 | D:6      | Bought a scroll of identify for 52 gold pieces
  4156 | D:6      | Found a shattered altar of Ashenzari.
  4430 | D:6      | Found a radiant altar of Vehumet.
  4568 | D:6      | Found a staircase to the Ecumenical Temple.
  4588 | Temple   | Entered the Ecumenical Temple
  4960 | D:7      | Reached XP level 9. HP: 45/45 MP: 12/14
  5074 | D:7      | Reached skill level 6 in Short Blades
  5273 | D:7      | You fall through a shaft for 2 floors!
  5299 | D:8      | Noticed a two-headed ogre
  5324 | D:7      | Reached skill level 7 in Short Blades
  6018 | D:7      | Noticed a moth of wrath
  6020 | D:7      | Found a bloodstained altar of Trog.
  6301 | D:9      | HP: 2/45 [vampire mosquito (5)]
  6305 | D:9      | Reached skill level 8 in Short Blades
  6435 | D:9      | Found a hide-covered altar of Uskayaw.
  6458 | D:9      | Became a worshipper of Uskayaw the Reveler
  6482 | D:9      | Found an ornate altar of the Wu Jian Council.
  6570 | D:9      | Reached * piety under Uskayaw
  6575 | D:9      | Reached skill level 1 in Invocations
  6575 | D:9      | Reached ** piety under Uskayaw
  6637 | D:9      | Reached *** piety under Uskayaw
  6665 | D:9      | Reached **** piety under Uskayaw
  6672 | D:9      | Reached ***** piety under Uskayaw
  6794 | D:9      | Reached XP level 10. HP: 10/50 MP: 4/15
  7124 | D:9      | Reached skill level 9 in Short Blades
  7768 | D:9      | Reached skill level 1 in Stealth
  7868 | D:8      | Noticed Grum
  7892 | D:8      | Mangled by Grum

Skill      XL: |  1  2  3  4  5  6  7  8  9 10 |
---------------+-------------------------------+-----
Short Blades   | 2 3 4 5 8 9 |  9.5
Fighting       | 3 4 |  4.2
Spellcasting   | 1 3 |  3.3
Armour         | 4 7 |  7.1
Invocations    | 2 4 |  4.9
Stealth        | 1 |  1.4
Shields        | |  2.6

Action                   |  1- 3 |  4- 6 |  7- 9 | 10-12 || total
-------------------------+-------+-------+-------+-------++-------
Melee: Rapier            |    80 |       |       |       ||    80
       Bite              |    19 |    47 |   128 |    66 ||   260
       Dagger            |       |   166 |   467 |   157 ||   790
Invok: Stomp             |       |       |       |     3 ||     3
       Line Pass         |       |       |       |     2 ||     2
Evoke: Wand              |       |       |     2 |     3 ||     5
  Use: Scroll            |       |     6 |     1 |       ||     7
       Potion            |       |     2 |     2 |     1 ||     5
 Stab: Paralysed         |       |       |     1 |     5 ||     6
       Confused          |       |       |       |     1 ||     1
  Eat: Chunk             |       |     6 |     6 |     2 ||    14
       Ration            |       |     1 |     1 |     1 ||     3
Armor: Scale mail        |    43 |    49 |   134 |    55 ||   281
Dodge: Dodged            |    22 |    46 |    71 |    45 ||   184
Block: Shield            |    41 |    66 |   141 |    54 ||   302
